 Dungeon Crawl Stone Soup version bcrawl-1.21.3-2-g9d8a61a446 (webtiles) character file.

Game seed: 6086281800578845819

6 MisterOstroum the Bolt Thrower (level 1, 0/12 HPs)
             Began as an Avariel Wanderer on Apr 16, 2020.
             Slain by a kobold
             ... wielding a +0 club
              (2 damage)
             ... on level 1 of the Dungeon.
             The game lasted 00:00:41 (118 turns).

MisterOstroum the Bolt Thrower (Avariel Wanderer)    Turns: 118, Time: 00:00:42

Health: 0/12       AC:  2    Str:  9    XL:     1   Next: 90%
Magic:  5/5        EV: 11    Int: 15    God:
Gold:   7          SH:  0    Dex: 15    Spells: 3/3 levels left

rFire    . . .     SeeInvis .   a - +2 hand crossbow
rCold    . . .     Gourm    .   (no shield)
rNeg     . . .     Faith    .   d - +0 robe
rPois    .         Spirit   .   (no helmet)
rElec    .         Reflect  .   (no cloak)
rCorr    .         Harm     .   (no gloves)
MR       .....                  (no boots)
Stlth    +.........             (no amulet)
HPRegen  0.04/turn              (no ring)
MPRegen  0.09/turn              (no ring)

@: no status effects
A: no striking features
a: no special abilities


You were on level 1 of the Dungeon.
You were not hungry.

You visited 1 branch of the dungeon, and saw 1 of its levels.

You collected 7 gold pieces.

Inventory:

Hand Weapons
 a - a +2 hand crossbow (weapon)
 b - a +0 dagger
Missiles
 g - 110 bolts (quivered)
Armour
 d - a +0 robe (worn)
Scrolls
 f - a scroll of noise {unknown}
Potions
 c - a potion of curing {@q1 !q}
Comestibles
 e - a ration {!d}


   Skills:
 + Level 1.2 Fighting
 * Level 2.5 Crossbows
   Level 1.7 Shields
 - Level 1.5 Spellcasting
   Level 2.4 Hexes
   Level 1.7 Translocations


You had 3 spell levels left.
You didn't know any spells.
Your spell library was empty.

Dungeon Overview and Level Annotations

Branches:
Dungeon (1/12)

Altars:


Message History

You open the door.
A dart slug comes into view.
Firing (i - inventory)
b - 115 bolts (quivered)
Press: ? - help, Shift-Dir - straight line, f - dart slug
Aim: a dart slug You shoot a bolt.
The bolt hits the dart slug!
You kill the dart slug!
You don't know any spells.
Your library has no spells.
Unknown command.
Unknown command.
Magic restored.
A bat comes into view.
The bat barely misses you.
Found a dagger, a ring mail and a leather armour.
There is an open door here.
Firing (i - inventory)
b - 114 bolts (quivered)
Press: ? - help, Shift-Dir - straight line, f - bat
Aim: a bat You shoot a bolt.
The bolt hits the bat but does no damage.
The bat closely misses you. The bat hits you.
The bat hits you but does no damage.
Firing (i - inventory)
b - 113 bolts (quivered)
Press: ? - help, Shift-Dir - straight line, f/p - bat
Aim: a bat You shoot a bolt.
The bolt hits the bat!
You kill the bat!
You see here a dagger.
g - a dagger Wield which item (- for none, * to show all)? (? for menu, Esc to quit)
g - a +0 dagger (weapon)
Adjust to which letter? (? for menu, Esc to quit)
b - a +0 dagger (weapon);
g - 112 bolts HP restored.
A giant cockroach comes into view.
A giant cockroach is nearby!
A giant cockroach is nearby!
A hobgoblin comes into view. It is wielding a +0 club.
The hobgoblin shouts!
Found a scroll labeled ETIX XUSSULIGO.
The giant cockroach closely misses you.
Found 249 sling bullets.
You hit the giant cockroach.
The giant cockroach is moderately wounded.
The giant cockroach barely misses you.
You completely miss the giant cockroach.
The giant cockroach is moderately wounded.
The hobgoblin barely misses you.
A kobold comes into view. It is wielding a +0 club.
The giant cockroach closely misses you.
The kobold shouts!
You hit the giant cockroach but do no damage.
The giant cockroach is moderately wounded.
The giant cockroach bites you. The hobgoblin barely misses you.
You closely miss the giant cockroach.
The giant cockroach is moderately wounded.
The giant cockroach bites you. The hobgoblin closely misses you.
You hit the giant cockroach.
The giant cockroach is almost dead.
The giant cockroach barely misses you. The hobgoblin barely misses you.
The giant cockroach barely misses you.
You hit the giant cockroach but do no damage.
The giant cockroach is almost dead.
The giant cockroach closely misses you. The hobgoblin barely misses you.
You closely miss the giant cockroach.
The giant cockroach is almost dead.
The giant cockroach bites you but does no damage.
The hobgoblin barely misses you.
You hit the giant cockroach.
You kill the giant cockroach!
The hobgoblin hits you with a +0 club.
Unknown command.
There is an open door here.
a - a +2 hand crossbow (weapon)
Firing (i - inventory)
g - 112 bolts (quivered)
Press: ? - help, Shift-Dir - straight line, f - kobold
Aim: a kobold, wielding a +0 club You shoot a bolt.
The bolt barely misses the kobold.
The bolt hits the hobgoblin.
You kill the hobgoblin!
The kobold hits you but does no damage. The kobold barely misses you.
Firing (i - inventory)
g - 111 bolts (quivered)
Press: ? - help, Shift-Dir - straight line, f/p - kobold
Aim: a kobold, wielding a +0 club You shoot a bolt.
The bolt closely misses the kobold.
The kobold closely misses you.
b - a +0 dagger (weapon)
A kobold is nearby!
Firing (i - inventory) No suitable missiles.
Press: ? - help, Shift-Dir - straight line, f/p - kobold
Aim: a kobold, wielding a +0 club
Okay, then.
You hit the kobold but do no damage. The kobold hits you with a +0 club.
* * * LOW HITPOINT WARNING * * *
You barely miss the kobold. The kobold hits you but does no damage.
You closely miss the kobold. The kobold hits you but does no damage.
a - a +2 hand crossbow (weapon)
The kobold hits you with a +0 club.
You die...

#######
#.....########
#.....#...[..#
#.....#......#
#####.....#......#
+@K)......'.......
#####.....#.......
#.....#.......
#.....#.......
#.....#.......
########.....#.......
........##..........[
........##...........
........##........


You could see a kobold.

Vanquished Creatures
  A dart slug (D:1)
  A giant cockroach (D:1)
  A hobgoblin (D:1)
  A bat (D:1)
4 creatures vanquished.

Notes
Turn   | Place    | Note
-------+----------+-------------------------------------------
     0 | D:1      | MisterOstroum the Avariel Wanderer began the quest for the
                  | Orb.
     0 | D:1      | MisterOstroum set off with the following items: a +2 hand
                  | crossbow, 115 bolts, a potion of curing {@q1 !q}, a +0
                  | robe, a ration {!d}
     0 | D:1      | Reached XP level 1. HP: 12/12 MP: 4/4
   118 | D:1      | Slain by a kobold

Action                   || total
-------------------------++-------
Melee: Dagger            ||    11
 Fire: Hand crossbow     ||     5
Armor: Robe              ||     2
Dodge: Dodged            ||    16
